3A
KENNESAW JETS @ GRIM REAPERS
07/04/2038
 
TOP OF THE 1ST
Kennesaw Jets batting - Pitching for Grim Reapers : RHP Marcel Bloemheuvel
Pitching: RHP Marcel Bloemheuvel
Batting: RHB Manuel Vallejo 0-0: Ball
1-0: Fly out, F6 (Popup, 6M, EV 56.2 MPH)
Batting: RHB Sasha Orlovsky 0-0: Called Strike
0-1: Foul Ball, location: 2F
0-2: Foul Ball, location: 2F
0-2: Ball
1-2: Ball
2-2: Ball
3-2: Strikes out swinging
Batting: SHB Obke Preesman 0-0: Fly out, F9 (Flyball, 89S, EV 81.2 MPH)
Top of the 1st over - 0 runs, 0 hits, 0 errors, 0 left on base; Kennesaw 0 - Grim 0
BOTTOM OF THE 1ST
Grim Reapers batting - Pitching for Kennesaw Jets : LHP Armando Álvarez
Pitching: LHP Armando Álvarez
Batting: RHB Cristo Mercado 0-0: Ball
1-0: Swinging Strike
1-1: Swinging Strike
1-2: Strikes out swinging
Batting: RHB Hayes Rutherford 0-0: Ball
1-0: Ball
2-0: Foul Ball, location: 2F
2-1: Foul Ball, location: 2F
2-2: Foul Ball, location: 2F
2-2: Ball
3-2: Strikes out swinging, 2-3 out at first.
Batting: RHB Lonnie Doble 0-0: Called Strike
0-1: Foul Ball, location: 2F
0-2: Ball
1-2: Ball
2-2: Strikes out swinging
Bottom of the 1st over - 0 runs, 0 hits, 0 errors, 0 left on base; Kennesaw 0 - Grim 0
TOP OF THE 2ND
Kennesaw Jets batting - Pitching for Grim Reapers : RHP Marcel Bloemheuvel
Batting: RHB Bras Castanheta 0-0: DOUBLE (Line Drive, 89XD, EV 110.6 MPH) - OUT at third base trying to stretch hit.
Batting: RHB Andy Combs 0-0: Called Strike
0-1: Foul Ball, location: 2F
0-2: Foul Ball, location: 2F
0-2: Ball
1-2: Strikes out swinging
Batting: LHB Reynaldo Pérez 0-0: Ball
1-0: Ball
2-0: Called Strike
2-1: Ground out 6-3 (Groundball, 6, EV 85.6 MPH)
Top of the 2nd over - 0 runs, 1 hit, 0 errors, 0 left on base; Kennesaw 0 - Grim 0
BOTTOM OF THE 2ND
Grim Reapers batting - Pitching for Kennesaw Jets : LHP Armando Álvarez
Batting: RHB Alfred Coleman 0-0: Ball
1-0: Ball
2-0: Swinging Strike
2-1: Swinging Strike
2-2: Foul Ball, location: 2F
2-2: Foul Ball, location: 2F
2-2: Ball
3-2: Foul Ball, location: 2F
3-2: Fly out, F8 (Flyball, 8RM, EV 82.5 MPH)
Batting: LHB Lonnie Baker 0-0: Ball
1-0: Called Strike
1-1: Ball
2-1: Ball
3-1: Called Strike
3-2: Strikes out looking
Batting: SHB Fernando Urby 0-0: Called Strike
0-1: Ball
1-1: Ball
2-1: Ball
3-1: Called Strike
3-2: Strikes out looking
Bottom of the 2nd over - 0 runs, 0 hits, 0 errors, 0 left on base; Kennesaw 0 - Grim 0
TOP OF THE 3RD
Kennesaw Jets batting - Pitching for Grim Reapers : RHP Marcel Bloemheuvel
Batting: RHB Adam Wiltern 0-0: Swinging Strike
0-1: Ball
1-1: Ball
2-1: Foul Ball, location: 2F
2-2: Fly out, F4 (Flyball, 4D, EV 81.2 MPH)
Batting: LHB Robert Dawson 0-0: Called Strike
0-1: Reached on error, E5 (Groundball, 5L, EV 84.4 MPH)
Batting: LHB Matt Mullen 0-0: Called Strike
0-1: Foul Ball, location: 2F
0-2: Foul Ball, location: 2F
0-2: Ball
1-2: Grounds into double play, 3-6-3 (Groundball, 34, EV 91.9 MPH)
Top of the 3rd over - 0 runs, 0 hits, 1 error, 0 left on base; Kennesaw 0 - Grim 0
BOTTOM OF THE 3RD
Grim Reapers batting - Pitching for Kennesaw Jets : LHP Armando Álvarez
Batting: LHB Lorenzo Ortíz 0-0: Ball
1-0: Ball
2-0: Called Strike
2-1: Swinging Strike
2-2: Foul Ball, location: 2F
2-2: Ball
3-2: Base on Balls
Batting: SHB Tekkan Hayagawa 0-0: Ball
1-0: Called Strike
1-1: Grounds into double play, 1-6-3 (Groundball, 13, EV 67.5 MPH)
Batting: RHB Taysir bin Mahmud 0-0: Ball
1-0: Ball
2-0: Called Strike
2-1: Ball
3-1: SINGLE (Line Drive, 7S, EV 88.1 MPH)
Batting: RHB Cristo Mercado 0-0: Foul Ball, location: 2F
0-1: Foul Ball, location: 2F
0-2: Strikes out swinging
Bottom of the 3rd over - 0 runs, 1 hit, 0 errors, 1 left on base; Kennesaw 0 - Grim 0
TOP OF THE 4TH
Kennesaw Jets batting - Pitching for Grim Reapers : RHP Marcel Bloemheuvel
Batting: RHB Manuel Vallejo 0-0: Foul Ball, location: 2F
0-1: Foul Ball, location: 2F
0-2: Foul Ball, location: 2F
0-2: Ground out 5-3 (Groundball, 5, EV 89.4 MPH)
Batting: RHB Sasha Orlovsky 0-0: Ball
1-0: Ball
2-0: SINGLE (Groundball, 6D, EV 108.1 MPH)
Batting: SHB Obke Preesman 0-0: Ball
1-0: Called Strike
1-1: Ball
2-1: Foul Ball, location: 2F
2-2: Ball
3-2: SINGLE (Groundball, 15S, EV 65.0 MPH) (infield hit)
Sasha Orlovsky to second
Batting: RHB Bras Castanheta 0-0: Called Strike
0-1: Called Strike
0-2: Ball
1-2: Ball
2-2: Foul Ball, location: 2F
2-2: Ball
3-2: Base on Balls
Sasha Orlovsky to third
Obke Preesman to second
Batting: RHB Andy Combs 0-0: Ball
Passed Ball!
Sasha Orlovsky scores
Obke Preesman to third
Bras Castanheta to second
1-0: Called Strike
1-1: Swinging Strike
1-2: DOUBLE (Line Drive, 5D, EV 108.1 MPH)
Obke Preesman scores
Bras Castanheta scores
Batting: LHB Reynaldo Pérez 0-0: Ball
1-0: Ball
Wild Pitch!
Andy Combs to third
2-0: Swinging Strike
2-1: Foul Ball, location: 2F
2-2: Ball
3-2: Base on Balls
Batting: RHB Adam Wiltern 0-0: Ground out U3 (Groundball, 3S, EV 94.4 MPH)
Andy Combs scores
Reynaldo Pérez to second
Batting: LHB Robert Dawson 0-0: Called Strike
0-1: Ball
1-1: Ball
2-1: Ball
Wild Pitch!
Reynaldo Pérez to third
3-1: Base on Balls
Batting: LHB Matt Mullen 0-0: Called Strike
0-1: Ball
1-1: Swinging Strike
1-2: Foul Ball, location: 2F
1-2: Ball
2-2: Foul Ball, location: 2F
2-2: Ball
3-2: Strikes out swinging
Top of the 4th over - 4 runs, 3 hits, 0 errors, 2 left on base; Kennesaw 4 - Grim 0
BOTTOM OF THE 4TH
Grim Reapers batting - Pitching for Kennesaw Jets : LHP Armando Álvarez
Batting: RHB Hayes Rutherford 0-0: Foul Ball, location: 2F
0-1: Foul Ball, location: 2F
0-2: Strikes out swinging
Batting: RHB Lonnie Doble 0-0: Ball
1-0: Fly out, F9 (Flyball, 9LS, EV 89.4 MPH)
Batting: RHB Alfred Coleman 0-0: Called Strike
0-1: Fly out, F9 (Flyball, 9, EV 85.6 MPH)
Bottom of the 4th over - 0 runs, 0 hits, 0 errors, 0 left on base; Kennesaw 4 - Grim 0
TOP OF THE 5TH
Kennesaw Jets batting - Pitching for Grim Reapers : RHP Marcel Bloemheuvel
Batting: RHB Manuel Vallejo 0-0: Ball
1-0: Called Strike
1-1: Called Strike
1-2: Foul Ball, location: 2F
1-2: Ball
2-2: SINGLE (Groundball, 6MD, EV 99.4 MPH)
Batting: RHB Sasha Orlovsky 0-0: Bunted foul
0-1: Bunted foul
0-2: SINGLE (Groundball, 6MD, EV 101.9 MPH)
Manuel Vallejo to second
Batting: SHB Obke Preesman 0-0: Foul Ball, location: 2F
0-1: Ball
1-1: Fly out, F9 (Flyball, 89S, EV 85.0 MPH)
Batting: RHB Bras Castanheta 0-0: Swinging Strike
0-1: Ball
1-1: Foul Ball, location: 2F
1-2: Strikes out swinging
Pitching: RHP Jyotibhasin Kodi
Batting: RHB Andy Combs 0-0: Ball
1-0: Ball
2-0: Called Strike
2-1: Foul Ball, location: 2F
2-2: Ball
3-2: Fly out, F8 (Flyball, 8LD, EV 97.5 MPH)
Top of the 5th over - 0 runs, 2 hits, 0 errors, 2 left on base; Kennesaw 4 - Grim 0
BOTTOM OF THE 5TH
Grim Reapers batting - Pitching for Kennesaw Jets : LHP Armando Álvarez
Batting: LHB Lonnie Baker 0-0: Foul Ball, location: 2F
0-1: Ball
1-1: SINGLE (Groundball, 6D, EV 98.1 MPH)
Batting: SHB Fernando Urby 0-0: Called Strike
0-1: Ball
1-1: Foul Ball, location: 2F
1-2: Foul Ball, location: 2F
1-2: Ball
2-2: Foul Ball, location: 2F
2-2: Strikes out swinging
Batting: LHB Lorenzo Ortíz 0-0: Ball
1-0: Ball
2-0: Called Strike
2-1: Ball
3-1: Base on Balls
Lonnie Baker to second
Batting: SHB Tekkan Hayagawa 0-0: Ball
1-0: Called Strike
1-1: Ball
2-1: Grounds into double play, 5-4-3 (Groundball, 5, EV 88.1 MPH)
Bottom of the 5th over - 0 runs, 1 hit, 0 errors, 1 left on base; Kennesaw 4 - Grim 0
TOP OF THE 6TH
Kennesaw Jets batting - Pitching for Grim Reapers : RHP Jyotibhasin Kodi
Batting: LHB Reynaldo Pérez 0-0: Foul Ball, location: 2F
0-1: Ball
1-1: Ball
2-1: SINGLE (Groundball, 34D, EV 110.0 MPH)
Batting: RHB Adam Wiltern 0-0: Bunt missed!
0-1: Sac Bunt to 25 - play at first, batter OUT! 5-4
Reynaldo Pérez to second
Batting: LHB Robert Dawson 0-0: Swinging Strike
0-1: Ball
1-1: Ball
2-1: Foul Ball, location: 2F
2-2: Foul Ball, location: 2F
2-2: Strikes out swinging
Batting: LHB Matt Mullen 0-0: Called Strike
0-1: Called Strike
0-2: Strikes out looking
Top of the 6th over - 0 runs, 1 hit, 0 errors, 1 left on base; Kennesaw 4 - Grim 0
BOTTOM OF THE 6TH
Grim Reapers batting - Pitching for Kennesaw Jets : LHP Armando Álvarez
Batting: RHB Taysir bin Mahmud 0-0: Ball
1-0: Foul Ball, location: 2F
1-1: Ball
2-1: Called Strike
2-2: Ball
3-2: DOUBLE (Line Drive, 9LM, EV 112.5 MPH)
Batting: RHB Cristo Mercado 0-0: Ball
1-0: Ball
2-0: Foul Ball, location: 2F
2-1: Ground out 6-3 (Groundball, 6, EV 106.9 MPH)
Batting: RHB Hayes Rutherford 0-0: Ball
1-0: Ball
2-0: Ball
3-0: Called Strike
3-1: Fly out, F9 (Flyball, 9S, EV 83.8 MPH)
Batting: RHB Lonnie Doble 0-0: Ball
1-0: Ground out 6-3 (Groundball, 6S, EV 78.1 MPH)
Bottom of the 6th over - 0 runs, 1 hit, 0 errors, 1 left on base; Kennesaw 4 - Grim 0
TOP OF THE 7TH
Kennesaw Jets batting - Pitching for Grim Reapers : RHP Jyotibhasin Kodi
Batting: RHB Manuel Vallejo 0-0: Ball
1-0: Fly out, F8 (Flyball, 89D, EV 84.4 MPH)
Batting: RHB Sasha Orlovsky 0-0: Called Strike
0-1: Ground out 5-3 (Groundball, 5, EV 87.5 MPH)
Batting: SHB Obke Preesman 0-0: Ball
1-0: Fly out, F7 (Flyball, 78M, EV 93.8 MPH)
Top of the 7th over - 0 runs, 0 hits, 0 errors, 0 left on base; Kennesaw 4 - Grim 0
BOTTOM OF THE 7TH
Grim Reapers batting - Pitching for Kennesaw Jets : LHP Armando Álvarez
Batting: RHB Alfred Coleman 0-0: Called Strike
0-1: Ball
1-1: Foul Ball, location: 2F
1-2: Strikes out swinging
Pitching: LHP François Boyer
Batting: LHB Lonnie Baker 0-0: Ground out 4-3 (Groundball, 4, EV 105.6 MPH)
Batting: SHB Fernando Urby 0-0: Foul Ball, location: 2F
0-1: Ball
1-1: Foul Ball, location: 2F
1-2: Ball
2-2: Ball
3-2: Base on Balls
Batting: LHB Lorenzo Ortíz 0-0: Ball
1-0: Called Strike
1-1: Ball
2-1: Fielders Choice at 2nd, U6 (Groundball, 6M, EV 83.8 MPH)
Bottom of the 7th over - 0 runs, 0 hits, 0 errors, 1 left on base; Kennesaw 4 - Grim 0
TOP OF THE 8TH
Kennesaw Jets batting - Pitching for Grim Reapers : RHP Jyotibhasin Kodi
Batting: RHB Bras Castanheta 0-0: Foul Ball, location: 2F
0-1: Called Strike
0-2: Ground out U3 (Groundball, 34, EV 83.1 MPH)
Batting: RHB Andy Combs 0-0: Called Strike
0-1: Ball
1-1: Ball
2-1: Foul Ball, location: 2F
2-2: Foul Ball, location: 2F
2-2: Fly out, F7 (Line Drive, 7LM, EV 101.2 MPH)
Batting: LHB Reynaldo Pérez 0-0: Ball
1-0: DOUBLE (Line Drive, 7LS, EV 92.5 MPH)
Batting: RHB Adam Wiltern 0-0: Ball
1-0: Ball
2-0: Called Strike
2-1: Swinging Strike
2-2: Ball
3-2: Strikes out swinging
Top of the 8th over - 0 runs, 1 hit, 0 errors, 1 left on base; Kennesaw 4 - Grim 0
BOTTOM OF THE 8TH
Grim Reapers batting - Pitching for Kennesaw Jets : LHP François Boyer
Batting: SHB Tekkan Hayagawa 0-0: Called Strike
0-1: Foul Ball, location: 2F
0-2: Strikes out swinging
Batting: RHB Taysir bin Mahmud 0-0: Ball
1-0: Foul Ball, location: 2F
1-1: Called Strike
1-2: Strikes out swinging
Batting: RHB Cristo Mercado 0-0: Ball
1-0: Foul Ball, location: 2F
1-1: Foul Ball, location: 2F
1-2: Foul Ball, location: 2F
1-2: Foul Ball, location: 2F
1-2: Ground out 6-3 (Groundball, 6, EV 89.4 MPH)
Bottom of the 8th over - 0 runs, 0 hits, 0 errors, 0 left on base; Kennesaw 4 - Grim 0
TOP OF THE 9TH
Kennesaw Jets batting - Pitching for Grim Reapers : RHP Jyotibhasin Kodi
Batting: LHB Robert Dawson 0-0: Ball
1-0: Foul Ball, location: 2F
1-1: Ball
2-1: Foul Ball, location: 2F
2-2: Ground out 4-3 (Groundball, 4, EV 93.1 MPH)
Pitching: RHP Marty Beard
Batting: LHB Matt Mullen 0-0: Foul Ball, location: 2F
0-1: Reached on error, E2 (Groundball, 2L, EV 72.5 MPH)
Batting: RHB Manuel Vallejo 0-0: Foul Ball, location: 2F
0-1: Ground out 6-3 (Groundball, 56, EV 107.5 MPH)
Batting: RHB Sasha Orlovsky 0-0: Foul Ball, location: 2F
0-1: Foul Ball, location: 2F
0-2: Ball
1-2: Foul Ball, location: 2F
1-2: SINGLE (Flyball, 89S, EV 88.8 MPH)
Matt Mullen to third
Batting: SHB Obke Preesman 0-0: Ball
1-0: Ball
Passed Ball!
Matt Mullen scores
Sasha Orlovsky to second
2-0: Foul Ball, location: 2F
2-1: Ground out 5-3 (Groundball, 56S, EV 91.2 MPH)
Top of the 9th over - 1 run, 1 hit, 1 error, 1 left on base; Kennesaw 5 - Grim 0
BOTTOM OF THE 9TH
Grim Reapers batting - Pitching for Kennesaw Jets : LHP François Boyer
Batting: RHB Hayes Rutherford 0-0: Called Strike
0-1: Ball
1-1: Foul Ball, location: 2F
1-2: Ball
2-2: Ball
3-2: Foul Ball, location: 2F
3-2: Strikes out looking
Batting: RHB Lonnie Doble 0-0: Ball
1-0: Ball
2-0: Ground out 5-3 (Groundball, 56, EV 106.9 MPH)
Batting: RHB Alfred Coleman 0-0: Ball
1-0: Ball
2-0: Ball
3-0: Called Strike
3-1: Base on Balls
Batting: LHB Lonnie Baker 0-0: Ball
1-0: Called Strike
1-1: Fly out, F8 (Flyball, 89D, EV 86.2 MPH)
Bottom of the 9th over - 0 runs, 0 hits, 0 errors, 1 left on base; Kennesaw 5 - Grim 0
Friday, April 17th, 2020 - OOTP Baseball 20.8 Build 74